 Dungeon Crawl Stone Soup version 0.26.1-11-gd32895ea62 (webtiles) character file.

Game seed: 15967625062174673178

153407 nothank2 the Peltast (level 17, 0/228 (240) HPs)
             Began as a Minotaur Fighter on June 22, 2021.
             Was a High Priest of Qazlal.
             Slain by a red draconian knight
             ... wielding a +2 war axe of flaming
              (1 damage)
             ... on level 4 of the Abyss.
             The game lasted 02:12:23 (31223 turns).

nothank2 the Peltast (Minotaur Fighter)            Turns: 31223, Time: 02:12:23

HP:   0/228 (240)   AC: 28    Str: 24      XL:     17   Next: 4%
MP:   22/22         EV:  2    Int:  9 (10) God:    Qazlal [*****.]
Gold: 1708          SH: 38    Dex: 13 (15) Spells: 16/16 levels left

rFire    + . .     SeeInvis .   e - +2 double sword (drain)
rCold    . . .     Faith    .   K - +8 tower shield "Witruphe" {-Cast Int+5 Dex+3}
rNeg     + + +     Spirit   .   (armour currently unavailable)
rPois    +         Reflect  .   (helmet currently unavailable)
rElec    .         Harm     .   (cloak currently unavailable)
rCorr    .         Rampage  .   (gloves currently unavailable)
Will     +....     NoTele   +   (boots currently unavailable) Stlth +.........NoCast +
                                g - amulet of the acrobat
HPRegen  0.48/turn              J - ring of positive energy
MPRegen  0.18/turn              j - +4 ring of evasion

@: tree-form, protected from fire, slowed, drained, repel missiles, very slow
A: (retaliatory headbutt), deterioration 1, weak 1
a: Renounce Religion, Upheaval, Elemental Force, Disaster Area


You were on level 4 of the Abyss.
You worshipped Qazlal.
Qazlal was extremely pleased with you.
You were a tree.
You visited 4 branches of the dungeon, and saw 26 of its levels.
You visited the Abyss 1 time.
You also visited: Sewer and Ossuary.

You collected 2409 gold pieces.
You spent 701 gold pieces at shops.

Inventory:

Hand Weapons
 a - a +2 vampiric quick blade
 e - a +2 double sword of draining (weapon)
 P - the +2 rapier of Doom {drain, rC+ Int+4}
   (You found it on level 13 of the Dungeon)

   A truly terrible weapon, it drains the life of those it strikes.
   It affects your intelligence (+4).
   It protects you from cold.
 V - a +2 scimitar of draining
Missiles
 l - 92 poisoned darts (quivered)
Armour
 m - a +2 hat of intelligence (melded)
 n - a +0 cloak (melded)
 t - a +1 pair of gloves of strength (melded)
 y - a +2 scale mail of poison resistance
 A - a +0 pair of boots (melded)
 K - the +8 tower shield "Witruphe" (worn) {-Cast Int+5 Dex+3}
   (You bought it in a shop on level 2 of the Orcish Mines)

   It affects your intelligence (+5).
   It affects your dexterity (+3).
   It prevents spellcasting.
 L - a +0 ring mail of positive energy
 Y - a +1 plate armour of fire resistance (melded)
Jewellery
 f - an uncursed ring of poison resistance
 g - an amulet of the acrobat (around neck)
 j - a +4 ring of evasion (right branch)
 I - an uncursed ring of protection from cold
 J - a ring of positive energy (left branch)
 O - an uncursed ring of see invisible
Wands
 q - a wand of flame (75)
 x - a wand of digging (10)
 E - a wand of acid (29)
 G - a wand of iceblast (66)
 N - a wand of enslavement (11)
 T - a wand of paralysis (3)
 U - a wand of disintegration (48)
Scrolls
 h - 19 scrolls of identify
 i - a scroll of summoning
 k - 7 scrolls of teleportation
 C - 11 scrolls of remove curse
 F - 6 scrolls of magic mapping
 H - a scroll of fear
 R - 3 scrolls of blinking
 S - 2 scrolls of enchant weapon
 W - 3 scrolls of enchant armour
 X - a scroll of torment
Potions
 b - a potion of haste
 c - a potion of lignification
 d - 7 potions of might
 o - 2 potions of berserk rage
 r - 6 potions of curing
 s - 4 potions of magic
 u - a potion of ambrosia
 v - 3 potions of cancellation
 z - 2 potions of heal wounds
 Q - a potion of resistance


   Skills:
 - Level 16.6 Fighting
 * Level 15.7 Long Blades
 - Level 0.2 Throwing
 - Level 15.2 Armour
 - Level 5.5 Dodging
 + Level 20.6 Shields
 - Level 8.0 Invocations


You had 16 spell levels left.
You didn't know any spells.
Your spell library contained the following spells:

 Spells                   Type           Power        Failure   Level
 Beastly Appendage        Tmut           0%           56%         1
 Magic Dart               Conj           0%           56%         1
 Blink                    Tloc           N/A          71%         2
 Call Imp                 Summ           0%           71%         2
 Poisonous Vapours        Pois/Air       0%           71%         2
 Slow                     Hex            0%           71%         2
 Wereblood                Tmut           0%           71%         2
 Conjure Flame            Conj/Fire      0%           91%         3
 Mephitic Cloud           Conj/Pois/Air  0%           91%         3
 Spider Form              Tmut/Pois      0%           91%         3
 Fulminant Prism          Conj/Hex       0%           100%        4
 Ice Form                 Ice/Tmut       0%           100%        4
 Sticky Flame             Conj/Fire      0%           100%        4
 Summon Lightning Spire   Summ/Air       0%           100%        4
 Blade Hands              Tmut           0%           100%        5
 Irradiate                Conj/Tmut      0%           100%        5
 Silence                  Hex/Air        0%           100%        5
 Summon Demon             Summ           0%           100%        5
 Conjure Ball Lightning   Conj/Air       0%           100%        6
 Freezing Cloud           Conj/Ice/Air   0%           100%        6
 Hydra Form               Tmut           0%           100%        6
 Shadow Creatures         Summ           N/A          100%        6
 Statue Form              Tmut/Erth      0%           100%        6
 Dragon Form              Tmut           0%           100%        7
 Tornado                  Air            0%           100%        9


Dungeon Overview and Level Annotations

Branches:
Dungeon (15/15)            Temple (0/1) D:5            Lair (6/6) D:10
  Swamp (0/4) Lair:3        Snake (0/4) Lair:3        Slime (0/5) Lair:6
    Orc (2/2) D:12            Elf (3/3) Orc:2        Vaults (0/5) D:13
 Depths (0/5) D:15          Sewer (visited)         Ossuary (visited)

Altars:
Cheibriados
Elyvilon
Fedhas
Makhleb
Okawaru
Qazlal
Ru
Sif Muna
Trog
Yredelemnul
Zin
The Shining One
Beogh
Jiyva

Shops:
D:5 *   D:6 [   D:12 ?   Orc:2 !:!*   Elf:1 (   Elf:2 =

Annotations:
D:4 3 runed translucent doors, Eryximachus's ghost, amateur BaIE
D:7 1 runed translucent door, ubername's ghost, novice MiMo
Lair:3 exclusion: 3 oklob plants
Lair:4 2 transporters, Yryegiv's ghost, journeyman DsCj


Innate Abilities, Weirdness & Mutations

((You reflexively headbutt those who attack you in melee.))
((You have a pair of horns on your head.))
Your body sometimes deteriorates upon taking damage.
You are weak. (Str -2)


Message History

The shadow dragon bites you but does no damage.
You block the shadow dragon's attack.
The shadow dragon completely misses you.
You hear some strange, mumbled words.
A bolt of cold appears from out of thin air!
The bolt of cold hits you!!!
Your resistance to physical damage fades away.
You feel protected from cold.
* * * LOW HITPOINT WARNING * * *
Your body deteriorates!
You feel dopey.
You slice the purple very ugly thing!!
The purple very ugly thing is severely wounded.
Something hits you.
* * * LOW HITPOINT WARNING * * *
Your resistance to cold fades away.
You feel protected from physical attacks.
Your resistance to physical damage fades away.
You feel protected from fire. Something burns you.
You die...

######
##....##
#.§....#
#.○○○..#
+§♣...##
#{uD☼..#
##42..##
###d##
##...##
#.....#
#.....#
#..E..#
+.....#


You could see a shadow dragon, a purple very ugly thing (drained), a draconian,
a rust devil and a tormentor.

Vanquished Creatures
  Gastronok (D:10)
  Donald (Orc:2)
  A deep elf sorcerer (Elf:1)
  An orc warlord (Orc:1)
  Nessos (D:14)
  A deep elf annihilator (Elf:1)
  A deep elf high priest (Elf:3)
  7 vault guards
  A rakshasa (D:15)
  2 boulder beetles
  6 hydras
  2 centaur warriors (D:14)
  8 two-headed ogres
  28 dancing weapons
  5 death yaks (Lair:5)
  An ogre mage (D:15)
  3 orc high priests (Orc:2)
  18 deep elf knights
  An unseen horror (D:15)
  A wizard (Elf:1)
  A glowing orange brain (D:15)
  A swamp dragon (Lair:4)
  6 deep elf archers
  A lindwurm (Lair:6)
  A harpy (shapeshifter) (D:15)
  6 orc knights
  A wolf spider zombie (D:14)
  38 deep elf magi
  A wolf spider (shapeshifter) (D:15)
  7 orc sorcerers
  2 ugly things
  2 manticores
  4 cyclopes
  A salamander (shapeshifter) (D:14)
  10 elephants
  4 black mambas
  31 cane toads
  A gargoyle (D:10)
  2 large abominations (Abyss:3)
  A yaktaur (D:15)
  6 rime drakes
  2 kobold demonologists
  A freezing wraith (D:15)
  10 komodo dragons
  A tengu conjurer (Elf:1)
  6 tyrant leeches
  A meliai (D:13)
  19 blink frogs
  2 small abominations (Abyss:3)
  6 trolls
  A polar bear (Lair:2)
  4 dream sheep (Lair:6)
  14 slime creatures
  A meliai zombie (D:12)
  A shadow (D:14)
  A ynoxinul (Abyss:4)
  A spriggan (Lair:2)
  3 air elementals
  A tarantella (shapeshifter) (D:13)
  2 wraiths
  40 yaks
  6 wyverns
  4 water elementals
  A basilisk (shapeshifter) (D:14)
  8 fire elementals
  6 basilisks
  A steam dragon (D:8)
  6 vampire mosquitoes (Lair:6)
  2 wargs
  6 swamp worms (Lair:4)
  4 acid dragons
  Duvessa (D:6)
  14 water moccasins
  A swamp drake (Lair:4)
  21 orc warriors
  6 ice beasts
  3 black bears
  3 eyes of draining
  2 phantoms
  A sky beast (shapeshifter) (Elf:1)
  4 sky beasts
  16 ogres
  A necrophage (D:10)
  21 centaurs
  14 wolves
  5 big kobolds
  An elf zombie (Ossuary)
  26 bullfrogs
  An earth elemental (Elf:1)
  Dowan (D:6)
  A water moccasin zombie (D:7)
  5 scorpions
  A wyvern skeleton (D:11)
  24 killer bees
  5 wights
  An electric eel (Lair:6)
  9 howler monkeys
  5 centaur zombies
  3 quasits
  4 bullfrog zombies
  2 starcursed masses (Abyss:3)
  8 hounds
  6 jellies
  Crazy Yiuf (D:2)
  2 human zombies (Ossuary)
  14 orc priests
  3 bullfrog skeletons
  5 centaur skeletons
  5 iguanas
  Ijyb (D:3)
  Jessica (D:2)
  Terence (D:2)
  5 hell rats (Lair:5)
  24 orc wizards
  10 worker ants
  2 big kobold zombies (Ossuary)
  4 hound skeletons
  3 mummies
  6 river rats (Sewer)
  A river rat (shapeshifter) (D:15)
  12 adders
  8 gnolls
  2 shadow imps
  2 white imps
  4 ufetubi
  5 oozes
  2 adder zombies (D:8)
  3 worms
  3 dart slugs
  17 leopard geckos
  55 orcs
  4 bats
  7 giant cockroaches
  8 goblins
  14 hobgoblins
  11 jackals
  36 kobolds
  7 quokkas
  7 ball pythons
  9 frilled lizards
  A goblin zombie (Ossuary)
  8 hobgoblin zombies (Ossuary)
  A jackal zombie (Ossuary)
  8 kobold zombies (Ossuary)
  9 orc zombies (Ossuary)
  2 quokka zombies (D:6)
  25 rats
  2 rat zombies (Ossuary)
  A bush (Lair:6)
  A butterfly (Lair:3)
956 creatures vanquished.

Vanquished Creatures (collateral kills)
  A vault guard (D:13)
  2 hydras
  2 two-headed ogres (D:15)
  An ogre mage (D:15)
  Urug (Orc:1)
  A swamp dragon (Lair:4)
  2 deep elf magi (Elf:1)
  2 ugly things (D:15)
  3 trolls (Orc:1)
  A slime creature (D:14)
  A yak (Lair:5)
  A wyvern (Lair:3)
  A water moccasin (Lair:5)
  A swamp drake (Lair:4)
  2 orc warriors
  3 ogres
  2 wolves (Lair:5)
  2 centaurs (D:14)
  An orc wizard (Orc:1)
  8 orcs
38 creatures vanquished.

Vanquished Creatures (others)
  A boggart (Elf:1)
  A worker ant (D:10)
  5 bushes
  45 fungi
  99 plants
  6 starspawn tentacles (Abyss:3)
157 creatures vanquished.

Grand Total: 1151 creatures vanquished

Notes
Turn   | Place    | Note
-------+----------+-------------------------------------------
     0 | D:1      | nothank2 the Minotaur Fighter began the quest for the Orb.
     0 | D:1      | Reached XP level 1. HP: 19/19 MP: 0/0
   124 | D:1      | Reached XP level 2. HP: 25/27 MP: 1/1
   350 | D:1      | Reached skill level 4 in Shields
   792 | D:1      | Reached XP level 3. HP: 30/33 MP: 2/2
  1447 | D:2      | Found a runed translucent door.
  1448 | D:2      | Noticed Crazy Yiuf
  1457 | D:2      | Killed Crazy Yiuf
  1458 | D:2      | Reached XP level 4. HP: 15/40 MP: 3/3
  1780 | D:2      | Noticed Terence
  1795 | D:2      | Killed Terence
  1892 | D:2      | Reached XP level 5. HP: 47/47 MP: 4/4
  1926 | D:2      | Noticed Jessica
  1940 | D:2      | Killed Jessica
  1941 | D:2      | Reached skill level 5 in Armour
  2161 | D:2      | Reached skill level 5 in Shields
  2850 | D:3      | Found a blossoming altar of Fedhas.
  2854 | D:3      | Noticed Ijyb
  2871 | D:3      | Killed Ijyb
  2946 | D:3      | Found a glowing silver altar of Zin.
  3028 | D:3      | Reached XP level 6. HP: 53/53 MP: 5/5
  3040 | D:3      | Found a glowing drain.
  3044 | Sewer    | Entered a sewer
  3361 | Sewer    | Reached skill level 5 in Long Blades
  3682 | D:3      | Found a stormy altar of Qazlal.
  3693 | D:3      | Became a worshipper of Qazlal Stormbringer
  3868 | D:4      | Found a sand-covered staircase.
  3876 | Ossuary  | Entered an ossuary
  3964 | Ossuary  | Reached * piety under Qazlal
  4007 | Ossuary  | Reached XP level 7. HP: 59/60 MP: 6/6
  4025 | Ossuary  | Reached skill level 6 in Shields
  4063 | Ossuary  | Reached skill level 5 in Fighting
  4063 | Ossuary  | Reached skill level 1 in Invocations
  4364 | D:4      | Reached ** piety under Qazlal
  4396 | D:4      | Noticed Eryximachus's ghost (amateur BaIE)
  4889 | D:4      | Reached XP level 8. HP: 68/68 MP: 8/8
  5050 | D:4      | Found a runed translucent gate.
  5050 | D:4      | Found a runed translucent gate.
  5051 | D:4      | Found a runed translucent gate.
  5338 | D:5      | Entered Level 5 of the Dungeon
  5516 | D:5      | Found a staircase to the Ecumenical Temple.
  5732 | D:5      | Reached skill level 7 in Shields
  5905 | D:5      | Found Riojoef's Assorted Antiques.
  6178 | D:6      | Reached *** piety under Qazlal
  6272 | D:6      | Found Qececwoe's Armour Shop.
  6277 | D:6      | Bought a +2 scale mail of poison resistance for 234 gold
                  | pieces
  6287 | D:6      | Bought a +0 pair of boots for 58 gold pieces
  6634 | D:6      | Reached XP level 9. HP: 75/75 MP: 10/10
  6681 | D:6      | Reached skill level 8 in Shields
  6902 | D:6      | Noticed Duvessa
  6905 | D:6      | Noticed Dowan
  6908 | D:6      | Killed Duvessa
  6934 | D:6      | Killed Dowan
  7447 | D:6      | Found a bloodstained altar of Trog.
  7447 | D:6      | Found an iron altar of Okawaru.
  7447 | D:6      | Found a basalt altar of Yredelemnul.
  7934 | D:7      | Found a runed translucent door.
  8043 | D:7      | Noticed ubername's ghost (novice MiMo)
  8127 | D:7      | Reached **** piety under Qazlal
  8135 | D:7      | Found a blossoming altar of Fedhas.
  8159 | D:7      | Reached skill level 10 in Long Blades
  8201 | D:7      | Reached skill level 9 in Shields
  8522 | D:7      | Found a white marble altar of Elyvilon.
  8531 | D:7      | Reached skill level 5 in Invocations
  9149 | D:7      | Reached skill level 10 in Shields
  9221 | D:8      | Noticed a manticore
  9224 | D:8      | Killed a manticore
  9225 | D:8      | Reached XP level 10. HP: 48/83 MP: 12/12
  9253 | D:8      | Reached skill level 11 in Shields
  9301 | D:8      | Reached ***** piety under Qazlal
  9508 | D:8      | Reached skill level 12 in Shields
  9859 | D:8      | Noticed a cyclops
  9869 | D:8      | Killed a cyclops
 10103 | D:8      | Reached skill level 13 in Shields
 10403 | D:9      | Reached skill level 14 in Shields
 10659 | D:9      | Found a snail-covered altar of Cheibriados.
 10761 | D:9      | Found a burning altar of Makhleb.
 10857 | D:10     | Entered Level 10 of the Dungeon
 10862 | D:10     | Noticed a gargoyle
 10877 | D:9      | Reached XP level 11. HP: 83/89 MP: 2/13
 10991 | D:10     | Noticed Gastronok
 11016 | D:10     | Killed Gastronok
 11017 | D:10     | Reached skill level 15 in Shields
 11295 | D:10     | Found a staircase to the Lair.
 11820 | D:10     | Reached skill level 16 in Shields
 12522 | D:11     | Noticed a two-headed ogre
 12535 | D:11     | Killed a two-headed ogre
 12770 | D:11     | Reached ****** piety under Qazlal
 12782 | D:11     | Noticed a purple ugly thing
 12793 | D:11     | Killed a purple ugly thing
 13492 | D:12     | Reached XP level 12. HP: 78/96 MP: 14/16
 13911 | D:12     | Found Samets's Magic Scroll Shop.
 13915 | D:12     | Bought a scroll of magic mapping for 45 gold pieces
 13960 | D:12     | Found a staircase to the Orcish Mines.
 14289 | D:13     | Identified the +1 ring mail "Tufumusm" {*Slow rElec rF-
                  | Str+4}
 14301 | D:13     | Noticed a boulder beetle
 14369 | D:13     | Killed a boulder beetle
 14645 | D:13     | Got a fine rapier
 14757 | D:13     | Noticed a vault guard
 14761 | D:13     | Noticed a vault guard
 14763 | D:13     | Noticed a vault guard
 14767 | D:13     | Noticed a vault guard
 14769 | D:13     | Noticed a vault guard
 14771 | D:13     | Noticed a vault guard
 14773 | D:13     | Noticed a vault guard
 14774 | D:13     | Killed a vault guard
 14775 | D:13     | Noticed a vault guard
 14787 | D:13     | Killed a vault guard
 14842 | D:13     | Killed a vault guard
 14852 | D:13     | Killed a vault guard
 14872 | D:13     | Killed a vault guard
 14903 | D:13     | Killed a vault guard
 14904 | D:13     | Reached skill level 15 in Long Blades
 14904 | D:13     | Identified the cursed +2 rapier of Doom {drain, rC+ Int+4}
                  | (You found it on level 13 of the Dungeon)
 15180 | D:13     | Killed a vault guard
 15181 | D:13     | Reached skill level 1 in Dodging
 15803 | D:13     | Found a gate to the Vaults.
 16106 | Lair:1   | Entered Level 1 of the Lair of Beasts
 16115 | D:10     | Reached XP level 13. HP: 104/104 MP: 18/18
 16231 | Lair:1   | Identified Sif Muna's Almanac of Creative Attacks
 18334 | Lair:3   | Found a staircase to the Snake Pit.
 18997 | Lair:3   | Found a staircase to the Swamp.
 19334 | Lair:4   | Found a transporter.
 19335 | Lair:4   | Noticed Yryegiv's ghost (journeyman DsCj)
 19362 | Lair:4   | Found a transporter.
 19571 | Lair:4   | Reached skill level 10 in Armour
 19743 | Lair:4   | Reached skill level 10 in Fighting
 20388 | Lair:5   | Reached XP level 14. HP: 114/124 MP: 19/19
 21397 | Lair:6   | Entered Level 6 of the Lair of Beasts
 22039 | Lair:6   | Found a runed translucent door.
 22039 | Lair:6   | Found a viscous altar of Jiyva.
 22525 | Lair:6   | Found a staircase to the Slime Pits.
 22996 | D:14     | Noticed Nessos
 23035 | D:14     | Killed Nessos
 23055 | D:14     | Reached XP level 15. HP: 105/139 MP: 20/20
 23308 | D:14     | Got a translucent whip
 23465 | D:14     | Found a glowing golden altar of the Shining One.
 23504 | D:14     | Got an ancient arbalest
 23505 | D:14     | Identified the cursed +3 whip of Intimidation {pain, rPois}
                  | (You found it on level 14 of the Dungeon)
 23760 | D:15     | Entered Level 15 of the Dungeon
 23801 | D:15     | Reached skill level 15 in Fighting
 24016 | D:15     | Reached skill level 5 in Dodging
 24600 | D:15     | Found a sacrificial altar of Ru.
 24872 | D:15     | Found a staircase to the Depths.
 25074 | Orc:1    | Entered Level 1 of the Orcish Mines
 25190 | Orc:2    | Entered Level 2 of the Orcish Mines
 25300 | Orc:2    | Found a staircase to the Elven Halls.
 25431 | Orc:2    | Noticed Donald
 25452 | Orc:2    | Killed Donald
 25499 | Orc:1    | Noticed an orc warlord
 25536 | Orc:1    | Noticed Urug
 25544 | Orc:1    | Killed Urug
 25555 | Orc:1    | Reached skill level 15 in Armour
 25952 | Orc:1    | Killed an orc warlord
 26021 | Orc:2    | Paralysed by an orc sorcerer for 3 turns
 26639 | Orc:2    | Found Xalengea's Distillery.
 26644 | Orc:2    | Found Poist's Book Emporium.
 26651 | Orc:2    | Found Vorugime's Distillery.
 26653 | Orc:2    | Found Veafoad's Assorted Antiques.
 26662 | Orc:2    | Bought a potion of might for 108 gold pieces
 26662 | Orc:2    | Bought an ancient tower shield for 256 gold pieces
 26672 | Orc:2    | Identified the +8 tower shield "Witruphe" {-Cast Int+5
                  | Dex+3} (You bought it in a shop on level 2 of the Orcish
                  | Mines)
 26819 | Orc:1    | Found a roughly hewn altar of Beogh.
 27088 | Elf:1    | Entered Level 1 of the Elven Halls
 27278 | Elf:1    | Reached XP level 16. HP: 93/152 MP: 21/21
 27341 | Elf:1    | Reached skill level 17 in Shields
 27535 | Elf:1    | Found a shimmering blue altar of Sif Muna.
 28175 | Elf:1    | Found Qaucimya's Weapon Shop.
 28368 | Elf:1    | Reached skill level 18 in Shields
 29427 | Elf:2    | Found Vepryi's Jewellery Boutique.
 29666 | Elf:2    | Reached skill level 19 in Shields
 29696 | Elf:2    | Found a runed translucent gate.
 29696 | Elf:2    | Found a runed translucent gate.
 29696 | Elf:2    | Found a runed translucent gate.
 29850 | Elf:2    | Gained mutation: Your body sometimes deteriorates upon
                  | taking damage. [a neqoxec]
 30278 | Elf:2    | Reached skill level 20 in Shields
 30695 | Elf:3    | Entered Level 3 of the Elven Halls
 31064 | Elf:3    | Reached XP level 17. HP: 150/160 MP: 22/22
 31097 | Elf:3    | Cast into level 3 of the Abyss (a deep elf sorcerer)
 31119 | Abyss:3  | Noticed an ancient lich
 31120 | Abyss:3  | Found a shimmering altar of Xom.
 31122 | Abyss:3  | Found a shimmering altar of Xom.
 31123 | Abyss:3  | Found a shimmering altar of Xom.
 31123 | Abyss:3  | Found a shimmering altar of Xom.
 31125 | Abyss:3  | Found a shimmering altar of Xom.
 31125 | Abyss:3  | Found a shimmering altar of Xom.
 31125 | Abyss:3  | Found a shimmering altar of Xom.
 31125 | Abyss:3  | Found a shimmering altar of Xom.
 31125 | Abyss:3  | Found a corrupted altar of Lugonu.
 31125 | Abyss:3  | Found a shimmering altar of Xom.
 31125 | Abyss:3  | Found a shimmering altar of Xom.
 31126 | Abyss:3  | Found a shimmering altar of Xom.
 31127 | Abyss:3  | Found a shimmering altar of Xom.
 31142 | Abyss:3  | Paralysed by accursed screaming for 2 turns
 31145 | Abyss:3  | Paralysed by accursed screaming for 2 turns
 31155 | Abyss:3  | Found a corrupted altar of Lugonu.
 31164 | Abyss:3  | Gained mutation: You are weak. (Str -2) [a cacodemon]
 31222 | Abyss:4  | HP: 1/228 [something/bolt of cold (70)]
 31223 | Abyss:4  | Slain by a red draconian knight

Illustrated notes

Levels and vault maps discovered:
D:1:      wheals_arrival_linesprint, layout_basic
D:2:      layout_basic, uniq_jessica, uniq_terence, uniq_crazy_yiuf_cottage
D:3:      layout_basic, grunt_temple_overflow_forces_of_nature, zin_treasury,
          gup_sewer_entry_bowl, uniq_ijyb
D:4:      minmay_general_purpose_star, layout_gridville,
          gup_ossuary_entry_pyramid, gammafunk_ghost_split
D:5:      layout_basic, minmay_temple_entry_grid, serial_shops,
          nicolae_shop_waterfront
D:6:      layout_layer_cave, gammafunk_temple_overflow_forgotten, serial_shops,
          kennysheep_little_box, minmay_misc_feat_room, st_stairs_2,
          uniq_duvessa
D:7:      layout_loops_ring, elyvilon_altar_5, ebering_ghost_reflecting_pool,
          nicolae_benzene_ring, fedhas_bush_and_centaur_altar
D:8:      nzn_winding_woodlands_medium [nzn_winding_woodlands_5x5_cross,
          nzn_winding_woodlands_5x15_crooked,
          nzn_winding_woodlands_5x5_perimeter, nzn_winding_woodlands_5x5_three,
          nzn_winding_woodlands_center_diamonds,
          nzn_winding_woodlands_5x5_closed_star,
          nzn_winding_woodlands_hourglass, nzn_winding_woodlands_5x15_parted,
          nzn_winding_woodlands_5x5_open_star], layout_cave_pools,
          serial_column_ruins, column_ruins_hut_ruined,
          column_ruins_square_medium, column_ruins_open_large,
          column_ruins_open_tiny, column_ruins_grid_3,
          column_ruins_columns_straight, column_ruins_grid_1
D:9:      layout_gridville, lemuel_doored_altar, slow_altar_1
D:10:     layout_loops_cross, david_lair_generic, uniq_gastronok
D:11:     layout_layer_cave
D:12:     layout_loops_cross, orc_0_dummy, serial_shops, shop,
          blue_anna_alchemist [blue_anna_fruit_fields, blue_anna_fruit_fields]
D:13:     layout_irregular_city, erik_vaults_2, kennysheep_kite_vault
D:14:     layout_big_octagon, tso_altar, chequers_mini_garden, uniq_nessos
D:15:     gammafunk_enter_depths_forms, layout_gridville,
          nicolae_ru_the_path_less_chosen
Lair:1:   layout_regular_city, gauntlet_entry_generic
Lair:2:   layout_cave_pods, grunt_forest_stairs_clearing,
          infiniplex_staircase_pool_2, serial_bayou_shore_b
Lair:3:   layout_small_grid, swamp_mist, dummy_snake_entry, lemuel_fruit_fields,
          lemuel_fruit_tree, minmay_lair_oklob_chamber, serial_bayou_shore_b
Lair:4:   onia_ninara_swampy_vault, layout_loops_ring, gammafunk_ghost_arena
Lair:5:   layout_gridlike, minmay_lair_drake_nest, grunt_megastairs_3
Lair:6:   minmay_lair_end_frog_pond, layout_layer_cave, slime_altar_2,
          minmay_hedge_maze, minivault_25, nicolae_quartered_pool_super
Orc:1:    layout_diamond_mine, basic_altar, uniq_urug
Orc:2:    st_orc_elflike, layout_caves, uniq_donald
Elf:1:    eino_elf_arrival_shootout, layout_gridlike, serial_shops, shop,
          basic_altar, hangedman_elf_disciples
Elf:2:    layout_geoelf_octagon, serial_shops, shop, minivault_19
Elf:3:    minmay_elf_hall_not_hex, layout_geoelf_grid, special_room
          [special_room_orc]
Abyss:4:  base: D:5, evilmike_abyss_exit_13, gammafunk_abyss_rune_reverse_zot

Skill      XL: |  1  2  3  4  5  6  7  8  9 10 11 12 13 14 15 16 |
---------------+-------------------------------------------------+-----
Fighting       | 4 5 6 11 14 16 | 16.6
Armour         | 4 5 6 7 11 13 15 | 15.2
Shields        | 4 5 6 7 10 14 16 20 | 20.6
Long Blades    | 3 4 5 7 8 10 12 15 | 15.7
Invocations    | 2 3 5 6 8 |  8.0
Dodging        | 1 3 4 5 |  5.5
Throwing       | |  0.2

Action                   |  1- 3 |  4- 6 |  7- 9 | 10-12 | 13-15 | 16-18 || total
-------------------------+-------+-------+-------+-------+-------+-------++-------
Melee: Long sword        |    94 |   242 |   502 |   821 |   231 |       ||  1890
       Headbutt          |    16 |    41 |   104 |   233 |   377 |   114 ||   885
       Rapier            |       |       |       |    12 |    96 |       ||   108
       Scimitar          |       |       |       |       |   981 |   372 ||  1353
       Double sword      |       |       |       |       |       |    80 ||    80
Throw: Dart              |       |     4 |     2 |     6 |    15 |     5 ||    32
Invok: Elemental Force   |       |       |       |     4 |    15 |     5 ||    24
  Use: Scroll            |       |       |    19 |     8 |    18 |     5 ||    50
       Potion            |       |       |       |     2 |     3 |     5 ||    10
 Stab: Distracted        |       |       |       |     1 |     1 |       ||     2
       Confused          |       |       |       |       |     1 |       ||     1
Armor: Scale mail        |    35 |    97 |   100 |    76 |       |       ||   308
       Plate armour      |       |       |       |     7 |   219 |    85 ||   311
       Skin              |       |       |       |       |       |     2 ||     2
Dodge: Dodged            |    40 |   139 |   143 |   167 |   225 |    84 ||   798
       Repelled          |       |       |       |     3 |     7 |     5 ||    15
Block: Kite shield       |    54 |   146 |   363 |   622 |  1109 |       ||  2294
       Tower shield      |       |       |       |       |    91 |   517 ||   608
       Rpst.: Long sword |    12 |    36 |    42 |    43 |     8 |       ||   141
       Scimitar          |       |       |       |       |    28 |    10 ||    38
       Double sword      |       |       |       |       |       |     6 ||     6
